 Dungeon Crawl Stone Soup version 0.23.2-1-ga50397a (webtiles) character file.

Game seed: 17723591567921563479

1687 whitewolfNL the Cudgeler (level 8, -5/79 HPs)
             Began as a Troll Berserker on Apr 16, 2019.
             Was a Priest of Trog.
             Slain by an ogre
             ... wielding a +0 giant club
              (20 damage)
             ... on level 6 of the Dungeon.
             The game lasted 00:25:34 (4799 turns).

whitewolfNL the Cudgeler (Troll Berserker)          Turns: 4799, Time: 00:25:36

Health: -5/79      AC:  8    Str: 26    XL:     8   Next: 71%
Magic:  7/7        EV: 11    Int:  4    God:    Trog [***...]
Gold:   209        SH:  0    Dex: 10    Spells: 7/7 levels left

rFire    . . .     SeeInvis .   E - +0 giant spiked club
rCold    . . .     Gourm    +   (shield currently unavailable)
rNeg     . . .     Faith    .   b - +1 animal skin
rPois    .         Spirit   .   (helmet restricted)
rElec    .         Reflect  .   d - +0 cloak
rCorr    .         Harm     .   (gloves unavailable)
MR       .....                  (boots unavailable)
Stlth    ++........             (no amulet)
HPRegen  0.63/turn              (no ring)
MPRegen  0.10/turn              (no ring)

@: berserk cooldown, slowed, very slow
A: large, unfitting armour, claws 3, fast metabolism 3, gourmand, regeneration
1, shaggy fur 1, tough skin 3
a: Berserk, Trog's Hand, Renounce Religion


You were on level 6 of the Dungeon.
You worshipped Trog.
Trog was most pleased with you.
You were full.

You visited 1 branch of the dungeon, and saw 6 of its levels.

You collected 209 gold pieces.

Inventory:

Hand Weapons
 B - a +2 mace of protection
 E - a +0 giant spiked club (weapon)
Missiles
 k - 2 javelins (quivered)
 l - 22 poisoned needles
 z - 26 bolts
Armour
 b - a +1 animal skin (worn)
 d - a +0 cloak (worn)
Wands
 r - a wand of flame (27)
 u - a wand of disintegration (9)
 F - a wand of random effects (19)
Scrolls
 a - a scroll of amnesia {unknown}
 f - 3 scrolls of teleportation
 h - a scroll of noise {unknown}
 i - 2 scrolls of magic mapping {unknown}
 j - a scroll of enchant weapon {unknown}
 o - 5 scrolls of enchant armour
 s - a scroll of fog {unknown}
 v - 4 scrolls of blinking {unknown}
 x - 6 scrolls of identify
 y - 2 scrolls of random uselessness {unknown}
 C - 4 scrolls of remove curse
Potions
 e - 3 potions of heal wounds {unknown}
 m - a potion of curing
 n - a potion of haste {unknown}
 p - 2 potions of ambrosia
 q - a potion of invisibility {unknown}
 t - a potion of flight {unknown}
 w - a potion of magic {unknown}
 A - a potion of might {unknown}
Comestibles
 c - 8 rations


   Skills:
 * Level 4.5 Fighting
 * Level 7.0 Maces & Flails
 * Level 2.4 Throwing
 * Level 5.1 Dodging
 * Level 2.0 Stealth


You had 7 spell levels left.
You didn't know any spells.
Your spell library was empty.

Dungeon Overview and Level Annotations

Branches:
Dungeon (6/15)             Temple (0/1) D:5

Altars:
Dithmenos
Gozag
Okawaru
Wu Jian


Innate Abilities, Weirdness & Mutations

You are too large for most types of armour.
You have claws for hands.
Your metabolism is lightning-fast.
You like to eat raw meat.
Your natural rate of healing is unusually fast.
You are covered in fur. (AC +1)
You have extremely tough skin. (AC +3)


Message History

You feel sick.
You feel sick.
You feel sick.
You feel sick.
You feel sick.
Your +2 mace of protection goes still.
E - a +0 giant spiked club (weapon)
You feel sick.
You sock the ogre!
The ogre is heavily wounded.
You feel sick. The ogre hits you with a +0 giant club!
* * * LOW HITPOINT WARNING * * *
The ogre closely misses you.
You puncture the ogre!
The ogre is severely wounded.
You feel sick. The ogre hits you with a +0 giant club!
* * * LOW HITPOINT WARNING * * *
You feel better.
The ogre hits you with a +0 giant club!!
You die...

##.#...## ###.......##
#..........## .
......÷.....# ..
............## ...
.............# ....
.........†...#### .....
.........<).....##......
..............#O@...#
...............####...#
........"......# .#
...............#
...............#
..#...........##
.####..######## . #..#
#..#


You could see an ogre.

Vanquished Creatures
  Grinder (D:3)
  Prince Ribbit (D:5)
  Sigmund (D:2)
  Menkaure (D:5)
  A sky beast (D:5)
  An ice beast (D:6)
  2 phantoms (D:5)
  A centaur (D:5)
  2 ogres (D:6)
  2 scorpions
  A howler monkey (D:3)
  A hound (D:5)
  A jelly (D:5)
  An iguana (D:4)
  An orc priest (D:4)
  Crazy Yiuf (D:3)
  Ijyb (D:3)
  A worker ant (D:5)
  An orc wizard (D:5)
  Terence (D:2)
  Robin (D:3)
  4 gnolls (D:2)
  A howler monkey skeleton (D:4)
  3 adders
  2 worms
  A dart slug (D:3)
  2 leopard geckos
  8 orcs
  5 giant cockroaches
  12 goblins
  13 hobgoblins
  9 jackals
  2 ball pythons (D:1)
  7 bats
  6 frilled lizards
  9 kobolds
  8 rats
116 creatures vanquished.

Vanquished Creatures (others)
  A jackal (D:3)
  2 fungi (D:3)
3 creatures vanquished.

Grand Total: 119 creatures vanquished

Notes
Turn   | Place    | Note
-------+----------+-------------------------------------------
     0 | D:1      | whitewolfNL the Troll Berserker began the quest for the
                  | Orb.
     0 | D:1      | Reached XP level 1. HP: 22/22 MP: 0/0
   111 | D:1      | Reached XP level 2. HP: 29/29 MP: 1/1
   183 | D:1      | Reached skill level 3 in Maces & Flails
   538 | D:1      | Reached ** piety under Trog
   549 | D:1      | Reached XP level 3. HP: 36/36 MP: 2/2
   770 | D:2      | Reached XP level 4. HP: 30/44 MP: 3/3
   918 | D:2      | Found an iron altar of Okawaru.
   921 | D:2      | Noticed Sigmund
   958 | D:2      | Killed Sigmund
   958 | D:2      | Reached skill level 4 in Maces & Flails
   958 | D:2      | Reached XP level 5. HP: 31/53 MP: 4/4
   992 | D:2      | Noticed Terence
  1001 | D:2      | Killed Terence
  1153 | D:2      | Reached skill level 1 in Stealth
  1266 | D:2      | Reached XP level 6. HP: 55/61 MP: 5/5
  1349 | D:2      | You fall through a shaft!
  1377 | D:3      | Noticed Grinder
  1388 | D:3      | Noticed Ijyb
  1844 | D:3      | Killed Ijyb
  2030 | D:3      | Killed Grinder
  2030 | D:3      | Reached XP level 7. HP: 22/68 MP: 6/6
  2127 | D:3      | Reached *** piety under Trog
  2135 | D:3      | Noticed Robin
  2144 | D:3      | Killed Robin
  2165 | D:3      | Found a runed translucent door.
  2166 | D:3      | Noticed Crazy Yiuf
  2455 | D:3      | Found an ornate altar of the Wu Jian Council.
  2534 | D:3      | Killed Crazy Yiuf
  2534 | D:3      | Reached skill level 5 in Maces & Flails
  2676 | D:4      | Reached skill level 1 in Throwing
  3641 | D:5      | Entered Level 5 of the Dungeon
  3885 | D:5      | Reached XP level 8. HP: 74/78 MP: 7/7
  3936 | D:5      | Found a staircase to the Ecumenical Temple.
  3971 | D:5      | Reached skill level 6 in Maces & Flails
  4088 | D:5      | Noticed Prince Ribbit
  4242 | D:5      | Found a shadowy altar of Dithmenos.
  4242 | D:5      | Found an opulent altar of Gozag.
  4674 | D:6      | Noticed Menkaure
  4696 | D:5      | Killed Menkaure
  4696 | D:5      | Reached skill level 5 in Dodging
  4702 | D:5      | Killed Prince Ribbit
  4782 | D:6      | Reached skill level 7 in Maces & Flails
  4799 | D:6      | Slain by an ogre

Skill      XL: |  1  2  3  4  5  6  7  8 |
---------------+-------------------------+-----
Maces & Flails | 3 4 5 7 |  7.0
Dodging        | 3 4 5 |  5.1
Fighting       | 3 4 |  4.5
Stealth        | 1 2 |  2.0
Throwing       | 1 2 |  2.4

Action                   |  1- 3 |  4- 6 |  7- 9 || total
-------------------------+-------+-------+-------++-------
Melee: Mace              |    73 |       |   156 ||   229
       Short sword       |    37 |    31 |       ||    68
       Flail             |       |    78 |    55 ||   133
       Giant spiked club |       |       |     2 ||     2
Invok: Berserk           |     1 |     4 |     6 ||    11
       Trog's Hand       |       |       |     1 ||     1
  Use: Scroll            |       |     5 |     2 ||     7
       Potion            |       |       |     3 ||     3
 Stab: Sleeping          |       |     1 |       ||     1
  Eat: Chunk             |    13 |    13 |    31 ||    57
Armor: Animal skin       |    49 |    84 |   103 ||   236
Dodge: Dodged            |    65 |   115 |   130 ||   310
